 Dungeon Crawl Stone Soup version 0.30-a0-862-g1aabd4f9c5 (webtiles) character file.

Game seed: 648547495711648103

712 Zenkrye the Spear-Bearer (level 8, -1/58 HPs)
             Began as a Human Cinder Acolyte on Mar 9, 2023.
             Was a High Priest of Ignis.
             Slain by a gnoll sergeant
             ... wielding a +0 trident
              (6 damage)
             ... on level 6 of the Dungeon.
             The game lasted 00:15:16 (5676 turns).

Zenkrye the Spear-Bearer (Human Cinder Acolyte)     Turns: 5676, Time: 00:15:16

Health: -1/58      AC: 10    Str: 17    XL:     8   Next: 0%
Magic:  9/9        EV:  4    Int: 11    God:    Ignis [*****.]
Gold:   290        SH:  5    Dex: 19    Spells: 7/9 levels left

rFire   . . .      SeeInvis +    a - +0 spear (flame)
rCold   . . .      Faith    .    (no shield)
rNeg    . . .      Spirit   .    n - +0 plate armour
rPois   .          Reflect  +    (no helmet)
rElec   +          Rampage  .    (no cloak)
rCorr   .                        (no gloves)
Will    .....                    (no boots) Stlth
                                 o - amulet of reflection
HPRegen 0.29/turn                d - ring "Maotianese" {rElec rC- Int-3 Dex+10 SInv}
MPRegen 0.11/turn                c - ring of ice

@: hasted, very quick
A: no striking features
a: Renounce Religion, Fiery Armour, Foxfire Swarm, Rising Flame


You were on level 6 of the Dungeon.
You worshipped Ignis.
Ignis was extremely pleased with you.
You visited 1 branch of the dungeon, and saw 6 of its levels.

You collected 290 gold pieces.

Inventory:

Hand Weapons
 a - a +0 spear of flaming (weapon)
 f - a +0 spear
Missiles
 k - 3 boomerangs (quivered)
Armour
 b - a +0 robe
 e - a +1 ring mail
 n - a +0 plate armour (worn)
Jewellery
 c - a ring of ice (right hand)
 d - the ring "Maotianese" (left hand) {rElec rC- Int-3 Dex+10 SInv}
   (You acquired it on level 1 of the Dungeon)

   [ring of see invisible]

   Int:       It affects your intelligence (-3).
   Dex:       It affects your dexterity (+10).
   rC:        It makes you vulnerable to cold.
   rElec:     It insulates you from electricity.
   SInv:      It lets you see invisible.
 o - an amulet of reflection (around neck)
Scrolls
 i - a scroll of poison
Potions
 g - a potion of mutation
 h - 2 potions of heal wounds {@q2}
 j - a potion of degeneration {unknown}
 m - 2 potions of brilliance {unknown}
 p - a potion of cancellation {unknown}
 q - a potion of lignification {unknown}


   Skills:
 - Level 3.0 Fighting
 + Level 8.8 Polearms
 - Level 1.0 Spellcasting
 - Level 3.0 Fire Magic


You had 7 spell levels left.
You knew the following spells:

 Your Spells              Type           Power      Damage    Failure   Level
a - Scorch                Fire           14%        2d6       100%        2

Your spell library contained the following spells:

 Spells                   Type           Power      Damage    Failure   Level


Dungeon Overview and Level Annotations

Branches:
Dungeon (6/15)
 Temple: D:4-7

Altars:
Elyvilon
Nemelex Xobeh
Trog

Shops:
D:4 [!*(

Annotations:
D:3 Terence
D:5 Sigmund


Message History

The gnoll sergeant hits you from afar with a +0 trident.
You have reached level 8!
You feel stronger.
You are too injured to fight recklessly!
You are too injured to fight recklessly!
You are too injured to fight recklessly!
You are too injured to fight recklessly!
Reach: a) +0 spear (flame)
Press: ? - help, Dir - move target, f/p - gnoll sergeant
Aim: a gnoll sergeant, wielding a +0 trident, wearing a +0 ring mail and wearing a +0 buckler (almost dead, about 26% to evade your +0 spear of flaming)
You reach to attack!
You barely miss the gnoll sergeant.
The gnoll sergeant is almost dead.
Reach: a) +0 spear (flame)
Press: ? - help, Dir - move target, f/p - gnoll sergeant
Aim: a gnoll sergeant, wielding a +0 trident, wearing a +0 ring mail and wearing a +0 buckler (almost dead, about 26% to evade your +0 spear of flaming)
You reach to attack!
You closely miss the gnoll sergeant.
The gnoll sergeant is almost dead.
The gnoll sergeant hits you from afar with a +0 trident.
Reach: a) +0 spear (flame)
Press: ? - help, Dir - move target, f/p - gnoll sergeant
Aim: a gnoll sergeant, wielding a +0 trident, wearing a +0 ring mail and wearing a +0 buckler (almost dead, about 26% to evade your +0 spear of flaming)
You reach to attack!
You hit the gnoll sergeant. You burn the gnoll sergeant.
The gnoll sergeant is almost dead.
Reach: a) +0 spear (flame)
Press: ? - help, Dir - move target, f/p - gnoll sergeant
Aim: a gnoll sergeant, wielding a +0 trident, wearing a +0 ring mail and wearing a +0 buckler (almost dead, about 26% to evade your +0 spear of flaming)
You reach to attack!
The gnoll sergeant blocks your attack.
The gnoll sergeant is almost dead.
The gnoll hits you from afar with a +0 halberd!
* * * LOW HITPOINT WARNING * * *
The gnoll sergeant hits you from afar with a +0 trident.
* * * LOW HITPOINT WARNING * * *
Reach: a) +0 spear (flame)
Press: ? - help, Dir - move target, f/p - gnoll sergeant
Aim: a gnoll sergeant, wielding a +0 trident, wearing a +0 ring mail and wearing a +0 buckler (almost dead, about 26% to evade your +0 spear of flaming)
You reach to attack!
You closely miss the gnoll sergeant.
The gnoll sergeant is almost dead.
The gnoll barely misses you.
The gnoll sergeant hits you from afar with a +0 trident.
You die...

##..#....###........
#...................
#.................#.
###........)....#.##
##..###..[....#.##
#....######.g.....
###gg....####..###..
#..)......##...#.. .
#..@...#.##...##..##
###......#.#....#.....
##.....................
#.........#...........#
.....................###
....#......#........#...
...................##...
#..#.....8....#.....†...
#............#######....


You could see a gnoll sergeant and a gnoll.

Vanquished Creatures
  A water moccasin (D:6)
  A centaur (D:5)
  2 bullfrogs
  A hound (D:6)
  2 jellies
  An iguana (D:5)
  3 orc wizards
  4 gnolls (D:6)
  4 adders
  A shadow imp (D:5)
  A white imp (D:5)
  An ufetubus (D:6)
  4 worms
  3 dart slugs
  14 orcs
  4 ball pythons
  6 endoplasms
  4 giant cockroaches
  5 goblins
  5 hobgoblins
  9 jackals
  4 kobolds
  4 quokkas
  4 bats
  2 frilled lizards
  5 rats
95 creatures vanquished.

Notes
Turn   | Place    | Note
-------+----------+-------------------------------------------
     0 | D:1      | Zenkrye the Human Cinder Acolyte began the quest for the
                  | Orb.
     0 | D:1      | Reached XP level 1. HP: 18/18 MP: 2/2
    92 | D:1      | Reached XP level 2. HP: 7/24 MP: 3/3
    95 | D:1      | Learned a level 2 spell: Scorch
   543 | D:1      | Reached skill level 4 in Polearms
   543 | D:1      | Reached XP level 3. HP: 29/29 MP: 4/4
   640 | D:1      | Found a faded altar of an unknown god.
   843 | D:1      | Identified a scroll of acquirement
   843 | D:1      | Acquired the ring "Maotianese" {rElec rC- Int-3 Dex+10
                  | SInv}
  1522 | D:2      | Reached XP level 4. HP: 34/35 MP: 5/5
  1944 | D:3      | Reached skill level 5 in Polearms
  2156 | D:3      | Found a bloodstained altar of Trog.
  2268 | D:3      | Reached XP level 5. HP: 40/41 MP: 6/6
  2515 | D:3      | Noticed Terence
  3077 | D:4      | Found a sparkling altar of Nemelex Xobeh.
  3100 | D:4      | Found a white marble altar of Elyvilon.
  3143 | D:4      | Found Ceraulim's Weapon Boutique.
  3152 | D:4      | Found Buanim's Distillery.
  3152 | D:4      | Found Yqiful's Antique Armour Boutique.
  3153 | D:4      | Found Ovug's Assorted Antiques.
  3260 | D:4      | Noticed a phantom
  3408 | D:4      | Noticed a bullfrog
  3421 | D:4      | Killed a bullfrog
  3422 | D:4      | Reached skill level 6 in Polearms
  3422 | D:4      | Reached XP level 6. HP: 30/47 MP: 0/7
  3704 | D:5      | Entered Level 5 of the Dungeon
  4048 | D:5      | Noticed an ogre
  4265 | D:5      | Noticed Sigmund
  4320 | D:5      | Reached skill level 7 in Polearms
  4720 | D:5      | HP: 2/47 [centaur (1)]
  4725 | D:5      | Reached XP level 7. HP: 2/52 MP: 8/8
  5067 | D:6      | Noticed a water moccasin
  5089 | D:6      | Killed a water moccasin
  5090 | D:6      | Reached skill level 8 in Polearms
  5671 | D:6      | Reached XP level 8. HP: 27/58 MP: 9/9
  5676 | D:6      | Slain by a gnoll sergeant

Illustrated notes

Levels and vault maps discovered:
D:1:      lightli_arrival_statuegarden, layout_rooms,
          hellmonk_ecumenical_altar_inner_sanctum, serial_forest,
          infiniplex_forest_clump_C, infiniplex_forest_split,
          infiniplex_forest_lined_3_way, infiniplex_forest_split,
          infiniplex_forest_lined_2, infiniplex_forest_zigzag_1,
          infiniplex_forest_lined_1, infiniplex_forest_clump_long,
          infiniplex_forest_corner_2
D:2:      layout_loops_corners
D:3:      layout_basic, lemuel_round_altar, uniq_terence
D:4:      layout_rooms, grunt_temple_overflow_open, minmay_shop_grid_forest,
          nicolae_figureground_sparkle
D:5:      cheibrodos_helix_gallery, layout_basic, minmay_increasing_density,
          uniq_pikel, uniq_sigmund
D:6:      layout_cave_pools, tso_oasis_becter, nicolae_overflow_hidden_temple,
          minmay_temple_entry_sparse_star, serial_column_ruins,
          column_ruins_grid_3, column_ruins_open_small,
          column_ruins_columns_corner, column_ruins_columns_T,
          column_ruins_grid_1, column_ruins_open_large

Skill      XL: |  1  2  3  4  5  6  7 |
---------------+----------------------+-----
Polearms       | 4 5 6 7 8 |  8.8
Fighting       | |  3.0
Spellcasting   | |  1.0
Fire Magic     | |  3.0

Action                     |  1- 3 |  4- 6 |  7- 9 || total
---------------------------+-------+-------+-------++-------
  Melee: Spear             |   158 |   245 |   128 ||   531
         Punch             |     1 |       |       ||     1
  Throw: Boomerang         |       |       |     8 ||     8
   Cast: Scorch            |     2 |     5 |       ||     7
    Use: Scroll            |     1 |    14 |     2 ||    17
         Potion            |       |     1 |     1 ||     2
   Stab: Sleeping          |     3 |     1 |       ||     4
 Armour: Robe              |    16 |     7 |       ||    23
         Ring mail         |       |    50 |       ||    50
         Plate armour      |       |       |    57 ||    57
  Dodge: Dodged            |    69 |   111 |    24 ||   204
  Block: Other             |       |       |    11 ||    11

Table legend: (Time is in decaauts)
 A = Elapsed time spent in this place.
 B = Non-inter-level travel time spent in this place.
 C = Inter-level travel time spent in this place.
 D = Time resting spent in this place.
 E = Time spent auto-exploring this place.
 F = Levels seen in this place.
 G = Mean time per level.
                   A        B        C        D        E       F      G
               +--------+--------+--------+--------+--------+-----+--------+
         Total |   5583 |   5168 |    415 |    515 |   3229 |   6 |  930.5 |
       Dungeon |   5583 |   5168 |    415 |    515 |   3229 |   6 |  930.5 |
               +--------+--------+--------+--------+--------+-----+--------+

Top non-repeatable levels by time:
     D:5: 1265 daAuts
     D:2: 1197 daAuts
     D:3: 983 daAuts
     D:1: 875 daAuts
     D:4: 812 daAuts
     D:6: 448 daAuts
